 Dungeon Crawl Stone Soup version 0.31.0-12-g77e489cdc1 (webtiles) character file.

Game seed: 1801580761556609588

5455 Doomgape the Blocker (level 10, -3/83 HPs)
             Began as a Minotaur Fighter on Feb 25, 2024.
             Was a Believer of Hepliaklqana.
             Slain by Erica
             ... wielding a +3 scimitar of flaming
              (6 damage)
             ... on level 9 of the Dungeon.
             The game lasted 00:22:23 (7836 turns).

Doomgape the Blocker (Minotaur Fighter)             Turns: 7836, Time: 00:22:23

Health: -3/83      AC: 18    Str: 24    XL:     10   Next: 41%
Magic:  9/9        EV:  5    Int:  5    God:    Hepliaklqana [**....]
Gold:   303        SH:  6    Dex: 11    Spells: 9/9 levels left

rFire   . . .        a - +0 war axe
rCold   + . .        c - +0 buckler
rNeg    . . .        x - +2 chain mail {rC+}
rPois   .            o - +1 hat
rElec   .            (no cloak)
rCorr   .            (no gloves)
SInv    .            (no boots)
Will    +....        (no amulet) Stlth
                     r - ring of willpower
HPRegen 0.33/turn    t - +4 ring of protection
MPRegen 0.11/turn

%: no passive effects
@: constricted
A: reduced essence, horns 2, retaliatory headbutt
a: Renounce Religion, Recall Ancestor, Ancestor Identity


You were on level 9 of the Dungeon.
You worshipped Hepliaklqana.
Hepliaklqana was pleased with you.
You visited 2 branches of the dungeon, and saw 10 of its levels.
You also visited: Sewer.

You collected 303 gold pieces.

Inventory:

Hand Weapons
 a - a +0 war axe (weapon)
 m - a +2 falchion of freezing
Missiles
 l - a throwing net (quivered)
Armour
 c - a +0 buckler (worn)
 o - a +1 hat (worn)
 x - a +2 chain mail of cold resistance (worn)
Jewellery
 p - a ring of flight
 r - a ring of willpower (left hand)
 t - a +4 ring of protection (right hand)
 E - an amulet of reflection
Wands
 b - a wand of charming (16)
 v - a wand of mindburst (20)
 A - a wand of polymorph (6)
Scrolls
 e - 3 scrolls of identify
 g - 3 scrolls of revelation
 h - a scroll of butterflies {unknown}
 n - 4 scrolls of fear
 q - a scroll of noise
 u - a scroll of brand weapon {unknown}
 y - 2 scrolls of teleportation
 B - a scroll of silence {unknown}
 D - a scroll of fog
Potions
 d - a potion of might
 f - a potion of berserk rage
 j - 2 potions of mutation {unknown}
 k - 3 potions of enlightenment
 s - a potion of degeneration {unknown}
 w - a potion of cancellation {unknown}
 z - a potion of brilliance {unknown}
 C - a potion of haste {unknown}


   Skills:
 - Level 10.1 Fighting
 - Level 7.7 Axes
 - Level 10.0 Armour
 + Level 11.5 Shields


You had 9 spell levels left.
You didn't know any spells.
Your spell library contained the following spells:

 Spells                   Type           Power      Damage    Failure   Level
 Kiss of Death            Conj/Necr      0%         2d5       95%         1
 Sandblast                Erth           0%         2d4       95%         1
 Blink                    Tloc           0%         N/A       98%         2
 Lesser Beckoning         Tloc           0%         N/A       98%         2
 Mercury Vapours          Alch/Air       0%         N/A       98%         2
 Momentum Strike          Conj/Tloc      0%         3d8       98%         2
 Confusing Touch          Hex            0%         N/A       100%        3
 Mephitic Cloud           Conj/Alch/Air  0%         N/A       100%        3
 Passwall                 Erth           0%         N/A       100%        3
 Stone Arrow              Conj/Erth      0%         3d7       100%        3
 Animate Dead             Necr           0%         N/A       100%        4
 Brom's Barrelling Bould  Conj/Erth      0%         2d3       100%        4
 Dispel Undead            Necr           0%         3d6       100%        4
 Borgnjor's Vile Clutch   Necr/Erth      0%         N/A       100%        5
 Freezing Cloud           Conj/Ice/Air   0%         6-21      100%        5
 Death Channel            Necr           0%         N/A       100%        6
 Sculpt Simulacrum        Ice/Alch       0%         N/A       100%        6
 Ozocubu's Refrigeration  Ice            0%         4d7       100%        7
 Polar Vortex             Ice            0%         N/A       100%        9


Dungeon Overview and Level Annotations

Branches:
Dungeon (9/15)             Temple (1/1) D:4           Sewer (visited)
   Lair: D:8-11         Orc: D:9-12

Altars:
Ashenzari
Cheibriados
Dithmenos
Elyvilon
Hepliaklqana
Kikubaaqudgha
Makhleb
Nemelex Xobeh
Okawaru
Qazlal
Sif Muna
Trog
Uskayaw
Vehumet
Wu Jian
Xom
Yredelemnul
The Shining One

Portals:
Bailey: D:9

Annotations:
D:8 2 transporters, Doomgape's ghost, novice GrFi
D:9 Erica


Innate Abilities, Weirdness & Mutations

Your life essence is reduced to manifest your ancestor. (-10% HP)
You have a pair of horns on your head.
You reflexively headbutt those who attack you in melee.


Message History

You kill Grum!
Unknown command.
You closely miss something. You headbutt something.
You hear some strange, mumbled words.
A bolt of poison appears from out of thin air!
The bolt of poison hits you.
You are poisoned.
Unknown command.
You miss something. Your headbutt misses something.
You feel very sick. Something hits you! Something burns you.
* * * LOW HITPOINT WARNING * * *
Something grabs you.
You are constricted.
* * * LOW HITPOINT WARNING * * *
Unknown command.
You completely miss something. Your headbutt misses something.
You feel very sick. Something hits you!
* * * LOW HITPOINT WARNING * * *
Something burns you.
* * * LOW HITPOINT WARNING * * *
You are constricted.
You feel better. Something hits you.
* * * LOW HITPOINT WARNING * * *
Something burns you.
* * * LOW HITPOINT WARNING * * *
You are constricted.
* * * LOW HITPOINT WARNING * * *
Unknown command.
You miss something. Your headbutt misses something. Something hits you.
* * * LOW HITPOINT WARNING * * *
Something burns you.
* * * LOW HITPOINT WARNING * * *
You are constricted.
Unknown command.
Unknown command.
You feel better. Something hits you!
* * * LOW HITPOINT WARNING * * *
Something burns you.
You die...

....... ........#
.......
........#########.......
........................
........... ............
.......... ..........
......... #'#######
......{)########.......#
.......@'..............#
.......†#..............#
......).......##..###'##
........).)...##..#.....
.........)∩)...+..#.....
..........)....#..#.....
...............#..#.....
........#......#..#.....
....#####......#..#.....


There were no monsters in sight!

Vanquished Creatures
  Pikel (D:8)
  Jeremiah (D:8)
  Sigmund (D:3)
  5 yaks (D:6)
  Eustachio (D:5)
  Grum (D:9)
  3 sky beasts
  3 wolves (D:9)
  3 centaurs
  3 lemures (D:8)
  Blork the orc (D:5)
  A bullfrog (D:6)
  2 kobold brigands (Sewer)
  4 scorpions
  2 wights (D:8)
  4 killer bees (D:7)
  A howler monkey (D:5)
  3 bombardier beetles
  A jelly (D:5)
  7 orc priests
  5 hounds
  3 iguanas
  4 orc wizards
  A sleepcap (D:3)
  7 gnolls
  10 adders
  3 river rats
  A shadow imp (D:7)
  An adder zombie (D:2)
  A dart slug (D:3)
  2 ribbon worms
  17 orcs
  4 bats
  2 bat skeletons (D:2)
  A bat zombie (D:2)
  10 endoplasms
  4 giant cockroaches
  5 goblins
  7 hobgoblins
  6 jackals
  2 quokkas
  11 ball pythons
  A ball python skeleton (D:2)
  2 ball python zombies (D:2)
  6 frilled lizards
  A jackal zombie (D:2)
  11 kobolds
  9 rats
185 creatures vanquished.

Vanquished Creatures (collateral kills)
  2 steam dragons
  An ice beast (D:7)
  2 sky beasts
  2 centaurs (D:7)
  A lemure (D:8)
  A bullfrog (D:7)
  A scorpion (D:6)
  3 wights (D:8)
  A killer bee (D:7)
  A sleepcap (D:7)
  An orc wizard (D:7)
  6 orcs
22 creatures vanquished.

Vanquished Creatures (others)
  2 battlemagi
  An ancestor (D:6)
3 creatures vanquished.

Grand Total: 210 creatures vanquished

Notes
Turn   | Place    | Note
-------+----------+-------------------------------------------
     0 | D:1      | Doomgape the Minotaur Fighter began the quest for the Orb.
     0 | D:1      | Reached XP level 1. HP: 19/19 MP: 0/0
   137 | D:1      | Reached XP level 2. HP: 21/27 MP: 1/1
   569 | D:1      | Reached XP level 3. HP: 30/33 MP: 2/2
  1160 | D:2      | Found a faded altar of an unknown god.
  1211 | D:2      | Reached XP level 4. HP: 41/41 MP: 3/3
  1580 | D:3      | Reached skill level 5 in Fighting
  1740 | D:3      | Found an ancient bone altar of Kikubaaqudgha.
  1788 | D:3      | Noticed Sigmund
  1792 | D:3      | Reached XP level 5. HP: 48/48 MP: 4/4
  1810 | D:3      | Killed Sigmund
  1811 | D:3      | Reached skill level 5 in Armour
  1811 | D:3      | Reached XP level 6. HP: 10/57 MP: 5/5
  2299 | D:4      | Reached skill level 5 in Axes
  2739 | D:4      | Found a staircase to the Ecumenical Temple.
  2787 | Temple   | Entered the Ecumenical Temple
  2794 | Temple   | Became a worshipper of Hepliaklqana the Forgotten
  2854 | D:4      | Reached XP level 7. HP: 63/64 MP: 6/6
  3219 | D:5      | Entered Level 5 of the Dungeon
  3338 | D:5      | Noticed Eustachio
  3362 | D:5      | Killed Eustachio
  3407 | D:5      | Found a shadowy altar of Dithmenos.
  3733 | D:5      | Found a shimmering blue altar of Sif Muna.
  3812 | D:5      | Reached XP level 8. HP: 61/73 MP: 7/7
  3886 | D:5      | Found a shimmering altar of Xom.
  4003 | D:5      | Noticed Blork the orc
  4012 | D:5      | Killed Blork the orc
  4645 | D:6      | Found a glowing drain.
  4662 | Sewer    | Entered a sewer
  4968 | Sewer    | Found a white marble altar of Elyvilon.
  5112 | D:6      | Reached * piety under Hepliaklqana
  5180 | D:6      | HP: 3/67 [yak (10)]
  5187 | D:6      | HP: 2/67 [yak (12)]
  5209 | D:6      | Reached XP level 9. HP: 11/74 MP: 8/8
  5452 | D:6      | Reached skill level 10 in Fighting
  5719 | D:6      | Reached skill level 10 in Armour
  5731 | D:6      | Reached skill level 4 in Shields
  5930 | D:7      | Reached skill level 5 in Shields
  5959 | D:7      | Reached skill level 6 in Shields
  6010 | D:7      | Reached skill level 7 in Shields
  6101 | D:7      | Found a snail-covered altar of Cheibriados.
  6291 | D:7      | Reached ** piety under Hepliaklqana
  6292 | D:7      | Remembered your ancestor Koska as a battlemage
  6295 | D:7      | Found a white marble altar of Elyvilon.
  6296 | D:7      | Found a stormy altar of Qazlal.
  6298 | D:7      | Found a broken altar of Ashenzari.
  6331 | D:7      | Reached skill level 8 in Shields
  6564 | D:7      | Reached skill level 9 in Shields
  6750 | D:8      | Found a bloodstained altar of Trog.
  6804 | D:8      | Reached XP level 10. HP: 83/83 MP: 9/9
  6845 | D:8      | Noticed Jeremiah
  6847 | D:8      | Noticed Pikel
  6869 | D:8      | Killed Pikel
  6870 | D:8      | Reached skill level 10 in Shields
  6881 | D:8      | Killed Jeremiah
  7292 | D:8      | Found a transporter.
  7366 | D:8      | Found a transporter.
  7370 | D:8      | Noticed Doomgape's ghost (novice GrFi)
  7808 | D:9      | Found a flagged portal.
  7818 | D:9      | Noticed Grum
  7820 | D:9      | Reached skill level 11 in Shields
  7823 | D:9      | Noticed Erica
  7830 | D:9      | Killed Grum
  7836 | D:9      | HP: 3/83 [something (14)]
  7836 | D:9      | Slain by Erica

Illustrated notes

Levels and vault maps discovered:
D:1:      sevenhm_arrival_forest_fort_small_6, layout_loops_corners
D:2:      layout_basic, hellmonk_ecumenical_altar_heavens_door, serial_undead,
          serial_undead_f, serial_undead_a, serial_undead_b, serial_undead_b,
          serial_undead_b, serial_undead_f, serial_undead_e, serial_undead_e,
          minmay_lizard_pond
D:3:      layout_rooms, marbit_many_paths, minivault_27, uniq_sigmund
D:4:      layout_loops_ring, minmay_temple_entry_proselytizer,
          grunt_ministairs_5
D:5:      layout_loops_ring, nicolae_dithmenos_shadow_blocks,
          hangedman_feature_mirror, uniq_eustachio, uniq_blork_the_orc
D:6:      layout_basic, portal_sewer_entry_e,
          amcnicky_mini_rare_corridor_liquid, corexii_checkpoint
D:7:      layout_gridville, mainiacjoe_overflow_alcove_1,
          grunt_temple_overflow_open
D:8:      layout_cave_pods, bloody_trog, gammafunk_ghost_berserking_beasts,
          uniq_pikel, uniq_jeremiah
D:9:      layout_gridville, minmay_overflow_temple_star_hex,
          minmay_orc_entry_guard_dogs, enter_bailey_2, gammafunk_ghost_ooze,
          uniq_grum, uniq_erica
Temple:   compressed_dpeg_circular_temple

Skill      XL: |  1  2  3  4  5  6  7  8  9 10 |
---------------+-------------------------------+-----
Fighting       | 4 5 6 7 9 10 | 10.1
Armour         | 4 5 6 7 9 10 | 10.0
Axes           | 3 4 5 6 7 |  7.7
Shields        | 9 11 | 11.5

Action                     |  1- 3 |  4- 6 |  7- 9 | 10-12 || total
---------------------------+-------+-------+-------+-------++-------
  Melee: War axe           |   103 |   107 |   288 |    44 ||   542
         Headbutt          |    11 |    15 |    61 |    10 ||    97
         Falchion          |       |       |    17 |       ||    17
  Throw: Throwing net      |       |     1 |       |       ||     1
 Invoke: Ancestor Life: Ba |       |       |     1 |       ||     1
         Ancestor Identity |       |       |     1 |       ||     1
  Evoke: Wand              |       |       |       |     2 ||     2
    Use: Scroll            |       |     6 |     5 |       ||    11
         Potion            |       |       |     6 |     3 ||     9
   Stab: Distracted        |       |       |     1 |       ||     1
 Armour: Scale mail        |    28 |       |       |       ||    28
         Plate armour      |    57 |    96 |   199 |       ||   352
         Chain mail        |       |       |    71 |    81 ||   152
  Dodge: Dodged            |    41 |    33 |   106 |    26 ||   206
  Block: Buckler           |    23 |    19 |    71 |    27 ||   140
